AoeStats
← OoginDoogin

Arabia

509528287Analyzed
1v1 RM · 6d ago on Sep 27, 2026· 58m 1s· 2 players
Game mode
Random Map
Map size
Tiny (2 player)
Population
200
Speed
Normal
Resources
Standard
Victory
Conquest
Starting age
Dark Age
Ending age
Imperial Age
RankedLock teamsTeams togetherTeam positionsShared explorationLock speedFull tech treeHidden civsTurbo modeCheats
Victory
Defeat
🇺🇸 Mongols · United States
935
+14
🇨🇴 Spanish · Colombia
900
-14
OoginDoogin
6:42 Loom
9:28 Feudal Age
13:25 Scale Barding Armor
17:21 Double-Bit Axe
20:54 Castle Age
19:41 Forging
20:36 Bloodlines
21:56 Light Cavalry
25:41 Stone Mining
26:36 Chain Barding Armor
30:23 Fletching
32:15 Bodkin Arrow
37:26 Imperial Age
36:50 Iron Casting
39:28 Bracer
40:57 Padded Archer Armor
44:27 Husbandry
46:54 Blast Furnace
46:45 Hussar
49:36 Thumb Ring
49:59 Parthian Tactics
51:49 Ballistics
54:07 Chemistry
56:14 Elite Steppe Lancer
Cid Campeador
7:09 Loom
9:38 Feudal Age
10:14 Double-Bit Axe
12:43 Forging
15:36 Bloodlines
18:36 Town Watch
24:26 Castle Age
23:30 Fletching
26:33 Bodkin Arrow
27:06 Gold Mining
27:53 Horse Collar
28:34 Heavy Plow
29:34 Bow Saw
31:12 Husbandry
39:11 Imperial Age
40:21 Fervor
42:16 Chemistry
41:38 Ballistics
42:41 Redemption
42:57 Illumination
42:54 Block Printing
42:50 Pikeman
46:59 Halberdier
49:39 Murder Holes
52:44 Wheelbarrow
55:53 Elite Skirmisher
57:29 Illumination
Connection lost

Rejoining the realm…

Still unreachable

The connection could not be restored.

Session expired

The server has moved on; the page needs a fresh start.